 Dungeon Crawl Stone Soup version 0.24.0-123-gd5b16e6ec5 (webtiles) character file.

Game seed: 11389277680316984509, levelgen mode: deterministic

2511 Bluestream the Fighter (level 9, -4/89 HPs)
             Began as a Minotaur Fighter on Feb 4, 2020.
             Was a Follower of Makhleb.
             Killed from afar by Psyche (10 damage)
             ... with a bolt of acid
             ... on level 8 of the Dungeon.
             The game lasted 00:11:09 (5937 turns).

Bluestream the Fighter (Minotaur Fighter)           Turns: 5937, Time: 00:11:10

Health: -4/89      AC:  5    Str: 24    XL:     9   Next: 28%
Magic:  0/8        EV:  2    Int:  5    God:    Makhleb [*.....]
Gold:   322        SH:  0    Dex: 10    Spells: 8/8 levels left

rFire    . . .     SeeInvis .   a - +0 war axe
rCold    . . .     Gourm    .   c - +0 shield
rNeg     + . .     Faith    .   l - +0 plate armour
rPois    .         Spirit   +   (helmet restricted)
rElec    .         Reflect  .   (no cloak)
rCorr    .         Harm     .   y - +1 pair of gloves
MR       .....                  (no boots)
Stlth    ..........             x - amulet of guardian spirit
HPRegen  0.24/turn              E - ring of positive energy
MPRegen  0.11/turn              (no ring)

@: corroded, held, lightly drained
A: retaliatory headbutt, horns 2
a: Renounce Religion


You were on level 8 of the Dungeon.
You worshipped Makhleb.
Makhleb was aware of your devotion.
You were hungry.

You visited 1 branch of the dungeon, and saw 8 of its levels.

You collected 322 gold pieces.

Inventory:

Hand Weapons
 a - a +0 war axe (weapon)
 g - a +2 whip of venom
Armour
 c - a +0 shield (worn)
 l - a +0 plate armour (worn)
 y - a +1 pair of gloves (worn)
Jewellery
 w - an uncursed ring of protection from magic
 x - an amulet of guardian spirit (around neck)
 z - an uncursed ring of protection from cold
 E - a ring of positive energy (left hand)
Wands
 q - a wand of iceblast (8)
 A - a wand of flame (13)
 F - a wand of acid (6)
Scrolls
 h - 2 scrolls of amnesia
 j - 4 scrolls of remove curse
 k - 2 scrolls of teleportation
 o - 2 scrolls of immolation
 p - 3 scrolls of magic mapping
 r - a scroll of fog {unknown}
 s - a scroll of random uselessness
 t - 2 scrolls of enchant armour
 u - a scroll of identify
 B - 2 scrolls of summoning {unknown}
 C - a scroll of blinking {unknown}
Potions
 b - 2 potions of curing
 d - a potion of might
 e - 4 potions of heal wounds
 m - 2 potions of flight
 n - 2 potions of brilliance
 v - 2 potions of agility
 D - a potion of resistance
 G - a potion of invisibility
Comestibles
 f - 15 rations


   Skills:
 + Level 11.1(10.9) Fighting
 + Level 10.8(10.7) Axes
 - Level 3.6(3.5) Armour
 - Level 3.6(3.5) Shields


You had 8 spell levels left.
You didn't know any spells.
Your spell library was empty.

Dungeon Overview and Level Annotations

Branches:
Dungeon (8/15)             Temple (0/1) D:6
   Lair: D:8-11

Altars:
Ashenzari
Kikubaaqudgha
Makhleb
Sif Muna
Trog
Uskayaw
The Shining One

Annotations:
D:8 Psyche


Innate Abilities, Weirdness & Mutations

You reflexively headbutt those who attack you in melee.
You have a pair of horns on your head.


Message History

You partially resist.
You feel drained.
The gnoll sergeant hits you from afar with a +0 spear.
Psyche zaps a wand.
The bolt of acid hits you! The acid corrodes you!
You are splashed with acid!
You block Psyche's attack.
Found a lumpy sapphire potion.
Psyche zaps a wand.
The bolt of acid hits you!! The acid corrodes you!
You are splashed with acid!
* * * LOW HITPOINT WARNING * * *
The gnoll throws a throwing net.
The throwing net hits you.
You become entangled in the net!
You see here a throwing net.
You tear a large gash into the net.
Psyche points at you and mumbles some strange words.
The puff of flame hits you.
* * * LOW HITPOINT WARNING * * *
The gnoll sergeant hits you from afar with a +0 spear.
* * * LOW HITPOINT WARNING * * *
Psyche zaps a wand.
The bolt of acid hits you!
You die...

#.# ##...
#######....
##........#
#.<...$...#
#.........##
#..@......#
##.g.@###..
.##...g.#
.......)g#
....####..#
.!.## ##...
#.# ##... ##
##... .#


You could see Psyche, a gnoll sergeant and 2 gnolls.

Vanquished Creatures
  Sigmund (D:3)
  Eustachio (D:4)
  2 orc warriors (D:6)
  A phantom (D:6)
  2 centaurs
  6 ogres
  3 bullfrogs (D:6)
  A water moccasin skeleton (D:7)
  A howler monkey (D:6)
  4 crimson imps
  A hound (D:6)
  2 orc priests
  2 jellies
  A bullfrog skeleton (D:6)
  A centaur skeleton (D:4)
  Jessica (D:2)
  2 iguanas
  Natasha (D:2)
  8 orc wizards
  3 worker ants
  A worker ant zombie (D:7)
  Robin (D:2)
  8 adders
  4 gnolls
  3 shadow imps
  An ooze (D:3)
  2 worms
  A dart slug (D:2)
  5 leopard geckos
  12 orcs
  5 giant cockroaches
  18 goblins
  13 hobgoblins
  7 jackals
  6 kobolds
  8 quokkas
  2 ball pythons
  13 bats
  4 frilled lizards
  A quokka zombie (D:6)
  3 rats
162 creatures vanquished.

Notes
Turn   | Place    | Note
-------+----------+-------------------------------------------
     0 | D:1      | Bluestream the Minotaur Fighter began the quest for the
                  | Orb.
     0 | D:1      | Reached XP level 1. HP: 19/19 MP: 0/0
    93 | D:1      | Reached skill level 4 in Fighting
    93 | D:1      | Reached XP level 2. HP: 25/27 MP: 1/1
   297 | D:1      | You fall into a shaft and drop 1 floor!
   517 | D:2      | Reached XP level 3. HP: 32/34 MP: 2/2
   530 | D:2      | Noticed Robin
   541 | D:2      | Killed Robin
   589 | D:2      | Noticed Jessica
   596 | D:2      | Killed Jessica
   596 | D:2      | Reached skill level 5 in Fighting
   596 | D:2      | Reached XP level 4. HP: 39/42 MP: 3/3
   707 | D:2      | Found a bloodstained altar of Trog.
  1142 | D:2      | Reached XP level 5. HP: 45/48 MP: 4/4
  1528 | D:3      | Reached skill level 5 in Axes
  1621 | D:3      | Noticed Sigmund
  1624 | D:3      | Noticed Natasha
  1653 | D:2      | Killed Natasha
  1840 | D:3      | Killed Sigmund
  1840 | D:3      | Reached skill level 6 in Fighting
  1840 | D:3      | Reached XP level 6. HP: 22/58 MP: 5/5
  2577 | D:4      | Reached skill level 7 in Fighting
  2611 | D:4      | Reached XP level 7. HP: 33/66 MP: 3/6
  2867 | D:4      | Noticed Eustachio
  2929 | D:4      | Killed Eustachio
  3118 | D:4      | Reached skill level 8 in Fighting
  3497 | D:5      | Entered Level 5 of the Dungeon
  3580 | D:5      | Found a burning altar of Makhleb.
  3580 | D:5      | Found a hide-covered altar of Uskayaw.
  3641 | D:5      | Became a worshipper of Makhleb the Destroyer
  3685 | D:5      | Reached XP level 8. HP: 75/75 MP: 7/7
  4216 | D:6      | Reached skill level 9 in Fighting
  4566 | D:6      | Reached skill level 10 in Fighting
  4585 | D:6      | Reached * piety under Makhleb
  4696 | D:6      | Found a staircase to the Ecumenical Temple.
  4785 | D:6      | Reached skill level 10 in Axes
  5075 | D:6      | Found a glowing golden altar of the Shining One.
  5100 | D:6      | Reached XP level 9. HP: 86/86 MP: 8/8
  5117 | D:6      | Found a shimmering blue altar of Sif Muna.
  5388 | D:7      | Found an ancient bone altar of Kikubaaqudgha.
  5461 | D:7      | Reached skill level 11 in Fighting
  5652 | D:7      | Found a shattered altar of Ashenzari.
  5929 | D:8      | Noticed Psyche
  5937 | D:8      | Killed from afar by Psyche

Levels and vault maps discovered:
D:1:      mrwooster_arrival_statue_3, layout_rooms, kennysheep_decorative_pillar
D:2:      layout_loops_corners, bloody_trog, kennysheep_jessica_study,
          uniq_robin
D:3:      layout_basic, first_ration, uniq_sigmund, uniq_natasha
D:4:      layout_rooms, uniq_eustachio
D:5:      layout_rooms, minitemple
D:6:      layout_loops_ring, kennysheep_mini_moat,
          minmay_temple_entry_nine_rooms, basic_altar
D:7:      layout_loops_ring, nicolae_overflow_crystal_walls,
          nicolae_overflow_hidden_temple, grunt_ogre_cave
D:8:      layout_layer_cave, kennysheep_mini, ebering_ghost_reflecting_pool,
          minivault_12, uniq_prince_ribbit1, uniq_harold, uniq_psyche, uniq_grum

Skill      XL: |  1  2  3  4  5  6  7  8  9 |
---------------+----------------------------+-----
Fighting       | 4 5 6 7 8 10 11 | 11.1
Axes           | 3 4 6 8 10 | 10.8
Armour         | |  3.6
Shields        | |  3.6

Action                   |  1- 3 |  4- 6 |  7- 9 || total
-------------------------+-------+-------+-------++-------
Melee: War axe           |    87 |   131 |   258 ||   476
       Headbutt          |    17 |    28 |    41 ||    86
  Use: Scroll            |       |       |    16 ||    16
  Eat: Chunk             |       |     6 |    10 ||    16
Armor: Scale mail        |    42 |       |       ||    42
       Plate armour      |    24 |    66 |   115 ||   205
Dodge: Dodged            |    16 |    22 |    37 ||    75
Block: Shield            |    42 |    68 |    96 ||   206
